 Dungeon Crawl Stone Soup version 0.16.1-16-gc44b35d (webtiles) character file.

21 Chiseanne the Conjurer (level 2, 0/28 HPs)
             Began as an Ogre Wanderer on Apr 26, 2015.
             Slain by a kobold
             ... wielding a +1 dagger of draining
              (1 damage)
             ... on level 1 of the Dungeon.
             The game lasted 00:01:54 (1532 turns).

Chiseanne the Conjurer (Ogre Wanderer)              Turns: 1532, Time: 00:01:54

Health: 0/28       AC:  3    Str: 18    XL:     2   Next: 87%
Magic:  0/3        EV:  9    Int: 12    God:
Gold:   26         SH:  0    Dex:  6    Spells: 1 memorised, 3 levels left

rFire  . . .     SeeInvis .     e - +0 club
rCold  . . .     Clarity  .     d - +0 robe
rNeg   . . .     SustAb   .     (shield restricted)
rPois  .         Gourm    .     (helmet restricted)
rElec  .         Spirit   .     (no cloak)
rCorr  .         Warding  .     (gloves unavailable)
rMut   .         Stasis   .     (boots unavailable)
MR     .....                    (no amulet)
Stlth  +.........               (no ring)
                                (no ring)

@: very slightly contaminated, heavily drained, not resistant to hostile
enchantments, very unstealthy
A: unfitting armour, tough skin 1
a: no special abilities


You were on level 1 of the Dungeon.
You were very hungry.

You visited 1 branch of the dungeon, and saw 1 of its levels.

You collected 26 gold pieces.

Inventory:

Hand weapons
 e - a +0 club (weapon)
Armour
 d - a +0 robe (worn)
Scrolls
 a - 2 scrolls of teleportation {unknown}
 h - a scroll of magic mapping {unknown}
 i - a scroll of fog {unknown}
Potions
 g - a potion of heal wounds {unknown}
Books
 b - Cigotuvi's Incunabulum of Dark Rites

   Spells                             Type                      Level
   a - Corpse Rot                     Necromancy                   2
   b - Sublimation of Blood           Necromancy                   2
 c - the Grimoire of Confrontation

   Spells                             Type                      Level
   a - Shock                          Conjuration/Air              1
   b - Flame Tongue                   Conjuration/Fire             1
Comestibles
 f - 2 meat rations


   Skills:
 * Level 1.8(0.0) Fighting
   Level 1.0(0.0) Axes
 * Level 0.6(0.0) Maces & Flails
 - Level 1.0(0.0) Armour
 * Level 0.5(0.0) Dodging
 - Level 1.0(0.0) Stealth
 * Level 1.9(0.0) Spellcasting
 * Level 2.4(0.0) Conjurations
 - Level 1.0(0.0) Fire Magic
   Level 1.0(0.0) Evocations


You had 3 spell levels left.
You knew the following spells:

 Your Spells              Type           Power        Failure   Level  Hunger
a - Flame Tongue          Conj/Fire      #....        34%         1    ##.....


Dungeon Overview and Level Annotations

Branches:
Dungeon (1/15)

Altars:


Innate Abilities, Weirdness & Mutations

You are too large for most types of armour.
You have tough skin (AC +1).


Message History

You don't have enough magic to cast that spell.
You hit the kobold but do no damage. The kobold misses you.
You closely miss the kobold. The kobold hits you but does no damage.
You feel drained. The kobold hits you but does no damage.
You feel drained.
You barely miss the kobold.
The kobold hits you with a dagger of draining.
* * * LOW HITPOINT WARNING * * *
You feel drained.
* * * LOW HITPOINT WARNING * * *
You closely miss the kobold.
The kobold hits you with a dagger of draining.
* * * LOW HITPOINT WARNING * * *
You feel drained.
* * * LOW HITPOINT WARNING * * *
You hit the kobold.
The kobold is severely wounded.
The kobold hits you with a dagger of draining.
* * * LOW HITPOINT WARNING * * *
You feel drained.
You die...

#.# ####.+ #.#
#....### #.#
#..#.'.. #.#
#..##### #.#
#..## ## #.#
#.#.###. #.#
#.##...#
#.############.
##.#.
#...@K.........
##.#.
###############
#.... #....
#.... ##.##
#.## #.# #.#
#.#


You could see a kobold.

Vanquished Creatures
  2 bats (D:1)
  2 hobgoblins (D:1)
  7 kobolds (D:1)
  A giant gecko (D:1)
  3 giant newts (D:1)
  3 jackals (D:1)
  3 rats (D:1)
21 creatures vanquished.

Notes
Turn   | Place    | Note
--------------------------------------------------------------
     0 | D:1      | Chiseanne, the Ogre Wanderer, began the quest for the Orb.
     0 | D:1      | Chiseanne set off with: Cigotuvi's Incunabulum of Dark Rites, the Grimoire of Confrontation, a +0 robe, a +0 club, a meat ration
     0 | D:1      | Reached XP level 1. HP: 19/19 MP: 2/2
     0 | D:1      | Identified Cigotuvi's Incunabulum of Dark Rites
     0 | D:1      | Identified the Grimoire of Confrontation
     2 | D:1      | Learned a level 1 spell: Flame Tongue
   703 | D:1      | Reached XP level 2. HP: 22/27 MP: 3/3
  1532 | D:1      | HP: 1/28 [kobold/dagger of draining (2)]
  1532 | D:1      | Slain by a kobold

Action                   || total
-------------------------++-------
Melee: Club              ||    99
 Cast: Flame Tongue      ||     6
  Eat: Chunk             ||     1
